 Dungeon Crawl Stone Soup version 0.25-a0-294-gea9b1ad378 (webtiles) character file.

Game seed: 14987924297230557898, levelgen mode: deterministic

3518 CheeseeCupcake the Basher (level 10, -2/52 HPs)
             Began as a Gargoyle Fighter on Dec 16, 2019.
             Was an Initiate of Gozag.
             Slain by a purple very ugly thing (12 damage)
             ... on level 1 of the Abyss.
             The game lasted 00:20:53 (6460 turns).

CheeseeCupcake the Basher (Gargoyle Fighter)        Turns: 6460, Time: 00:20:56

Health: -2/52      AC: 22    Str: 20    XL:     10   Next: 8%
Magic:  0/10       EV:  4    Int:  4    God:    Gozag
Gold:   561        SH: 10    Dex:  9    Spells: 9/9 levels left

rFire    . . .     SeeInvis .   C - +1 mace (crush)
rCold    . . .     Gourm    .   c - +1 shield
rNeg     + . .     Faith    .   j - +0 plate armour
rPois    ∞         Spirit   +   m - +0 helmet
rElec    +         Reflect  .   s - scarf {Spirit}
rCorr    +         Harm     .   (no gloves)
MR       .....                  (no boots)
Stlth    ..........             (no amulet)
HPRegen  0.17/turn              g - ring of resist corrosion
MPRegen  0.12/turn              (no ring)

@: no status effects
A: [dopey 2], [frail 2], negative energy resistance 1, electricity resistance,
[weak 2], unbreathing, petrification resistance, rot immunity, AC +7
a: Potion Petition, Call Merchant, Bribe Branch, Renounce Religion


You were on level 1 of the Abyss.
You worshipped Gozag.
Gozag was pleased with you.
You were not hungry.

You visited 2 branches of the dungeon, and saw 8 of its levels.
You visited the Abyss 2 times.

You collected 624 gold pieces.
You paid 63 gold pieces to Gozag.

Inventory:

Hand Weapons
 a - a +1 flail
 C - a +1 mace of crushing (weapon)
Armour
 c - a +1 shield (worn)
 j - a +0 plate armour (worn)
 m - a +0 helmet (worn)
 s - a scarf of spirit shield (worn)
Jewellery
 g - a ring of resist corrosion (left hand)
 v - the ring of Surr {rElec MP+9, unknown}
   (You found it on level 6 of the Dungeon)

   [ring of magical power]

   It insulates you from electricity.
   It affects your magic capacity (+9).
 A - a +3 ring of protection {unknown}
Wands
 x - a wand of iceblast (1)
 y - a wand of polymorph (28)
Scrolls
 b - a scroll of enchant weapon
 e - a scroll of noise
 k - a scroll of vulnerability {unknown}
 l - 5 scrolls of identify
 n - 3 scrolls of amnesia
 o - 4 scrolls of remove curse {unknown}
 p - 3 scrolls of teleportation {unknown}
 r - a scroll of blinking {unknown}
 u - a scroll of enchant armour
 B - 2 scrolls of magic mapping
 E - a scroll of fog {unknown}
Potions
 d - 3 potions of might
 h - a potion of cancellation {unknown}
 i - a potion of invisibility {unknown}
 q - 2 potions of brilliance
 t - 2 potions of haste {unknown}
 w - 2 potions of curing
 z - 2 potions of agility {unknown}
 D - a potion of heal wounds
 F - 2 potions of degeneration {unknown}
Comestibles
 f - 12 rations


   Skills:
 + Level 8.5 Fighting
 * Level 10.3 Maces & Flails
 + Level 7.9 Armour
 - Level 3.2 Shields


You had 9 spell levels left.
You didn't know any spells.
Your spell library contained the following spells:

 Spells                   Type           Power        Failure   Level  Hunger
 Animate Skeleton         Necr           N/A          100%        1    ##.....
 Apportation              Tloc           #.....       100%        1    ##.....
 Confusing Touch          Hex            #.....       100%        1    ##.....
 Summon Small Mammal      Summ           #...         100%        1    ##.....


Dungeon Overview and Level Annotations

Branches:
Dungeon (7/15)             Temple (1/1) D:6

Altars:
Ashenzari
Cheibriados
Dithmenos
Elyvilon
Fedhas
Gozag
Hepliaklqana
Kikubaaqudgha
Makhleb
Nemelex Xobeh
Okawaru
Qazlal
Ru
Sif Muna
Trog
Uskayaw
Vehumet
Wu Jian
Xom
Yredelemnul
Zin
The Shining One

Shops:
D:4 (

Annotations:
D:7 1 runed translucent door, imorgonsnalla's ghost, novice OpMo


Innate Abilities, Weirdness & Mutations

You are resistant to torment.
Your stone body is resilient. (AC +7)
You are immune to poison.
You resist negative energy. (rN+)
You are resistant to electric shocks. (rElec)
You can survive without breathing.
You are immune to petrification.
You are immune to rotting.
[You are very dopey. (Int -4)]
[You are very frail. (-20% HP)]
[You are very weak. (Str -4)]


Message History

The starcursed mass shrieks in your mind.
The purple very ugly thing kicks you!
You hit the purple very ugly thing.
The purple very ugly thing is lightly wounded.
The purple very ugly thing kicks you but does no damage.
You sock the purple very ugly thing!
The purple very ugly thing is moderately wounded.
You block the purple very ugly thing's attack.
You thump the purple very ugly thing!
The purple very ugly thing is moderately wounded.
A chorus of shrieks assaults your mind. The purple very ugly thing kicks you!!
* * * LOW HITPOINT WARNING * * *
Your plate armour prevents you from hitting the purple very ugly thing.
The purple very ugly thing is moderately wounded.
The wretched star pulses with an eldritch light!
You feel weaker. x2
The purple very ugly thing kicks you!
You die...
Your body crumbles into a pile of gold.

#. . ..##.#
...# .#...#
.###.#.#..#..#.
≈≈≈≈≈≈≈≈≈≈≈≈≈≈≈
≈≈≈≈≈≈≈≈≈≈≈..≈≈
≈≈≈≈*≈≈≈≈≈...
≈≈≈≈≈≈♣u≈≈#
#≈≈≈@#.# #
#......#.##
#...#Z#...#
#####.X#.... #.
#.. ### #.#
#.##.##
##...#X. . #
#..#...##..#
#..#.#.#...#


You could see 2 starcursed masses, a purple very ugly thing, a wretched star and
a fire giant zombie.

Vanquished Creatures
  Joseph (D:7)
  A hornet (D:7)
  2 water moccasins (D:6)
  Duvessa (D:7)
  3 orc warriors
  A sky beast (D:4)
  3 phantoms (D:4)
  2 ice beasts
  2 ogres
  4 centaurs
  A crocodile (D:7)
  A big kobold (D:7)
  4 bullfrogs
  Dowan (D:7)
  A wyvern skeleton (D:7)
  3 scorpions
  3 howler monkeys
  A crimson imp (D:7)
  A centaur zombie (D:7)
  A bullfrog zombie (D:7)
  3 hounds
  2 jellies (D:7)
  A centaur skeleton (D:5)
  An orc wizard (D:7)
  2 worker ants
  A howler monkey zombie (D:5)
  3 gnolls (D:6)
  8 adders
  A howler monkey skeleton (D:6)
  2 shadow imps (D:5)
  5 worms
  3 dart slugs
  2 leopard geckos
  16 orcs
  4 ball pythons
  7 giant cockroaches
  9 goblins
  4 hobgoblins
  7 jackals
  9 kobolds
  3 quokkas
  3 bats
  4 frilled lizards
  2 leopard gecko zombies
  7 rats
146 creatures vanquished.

Vanquished Creatures (others)
  An orc (D:5)
  2 withered plants (D:7)
3 creatures vanquished.

Grand Total: 149 creatures vanquished

Notes
Turn   | Place    | Note
-------+----------+-------------------------------------------
     0 | D:1      | CheeseeCupcake the Gargoyle Fighter began the quest for the
                  | Orb.
     0 | D:1      | Reached XP level 1. HP: 14/14 MP: 1/1
   168 | D:1      | Reached XP level 2. HP: 16/19 MP: 2/2
   597 | D:2      | Reached skill level 3 in Maces & Flails
   597 | D:2      | Reached XP level 3. HP: 23/24 MP: 3/3
   756 | D:2      | Reached XP level 4. HP: 28/29 MP: 4/4
  1383 | D:3      | Reached skill level 4 in Maces & Flails
  1621 | D:3      | Found a shimmering blue altar of Sif Muna.
  1913 | D:4      | Reached XP level 5. HP: 34/34 MP: 5/5
  1960 | D:4      | Noticed an ogre
  2090 | D:4      | Noticed a phantom
  2193 | D:4      | Killed a phantom
  2193 | D:4      | Reached skill level 5 in Maces & Flails
  2193 | D:4      | Reached XP level 6. HP: 27/40 MP: 6/6
  2356 | D:4      | Found Kazxur's Antique Weapon Boutique.
  2399 | D:4      | Reached skill level 5 in Fighting
  2743 | D:4      | Reached XP level 7. HP: 25/44 MP: 7/7
  3170 | D:5      | Entered Level 5 of the Dungeon
  3367 | D:4      | Reached skill level 6 in Maces & Flails
  3618 | D:4      | Reached skill level 5 in Armour
  3627 | D:5      | Reached XP level 8. HP: 45/51 MP: 8/8
  3881 | D:5      | Reached skill level 7 in Maces & Flails
  4073 | D:6      | Found a staircase to the Ecumenical Temple.
  4143 | D:6      | Got a scintillating iron ring
  4170 | Temple   | Entered the Ecumenical Temple
  4255 | Temple   | Became a worshipper of Gozag Ym Sagoz the Greedy
  4578 | D:6      | Found a sparkling altar of Nemelex Xobeh.
  4735 | D:6      | Reached skill level 8 in Maces & Flails
  4926 | D:6      | Reached XP level 9. HP: 53/57 MP: 9/9
  5191 | D:7      | Reached skill level 9 in Maces & Flails
  5238 | D:7      | Noticed a hornet
  5263 | D:7      | Killed a hornet
  5496 | D:7      | Noticed Dowan
  5844 | D:7      | Found a runed translucent door.
  5845 | D:7      | Noticed imorgonsnalla's ghost (novice OpMo)
  5877 | D:7      | Cast into level 1 of the Abyss (orc)
  5922 | D:7      | Escaped the Abyss
  6158 | D:7      | Noticed Duvessa
  6177 | D:7      | Killed Duvessa
  6177 | D:7      | Reached skill level 10 in Maces & Flails
  6196 | D:7      | Killed Dowan
  6222 | D:7      | Noticed Joseph
  6247 | D:7      | Killed Joseph
  6247 | D:7      | Reached XP level 10. HP: 38/65 MP: 6/10
  6421 | D:7      | Cast into level 1 of the Abyss (orc)
  6423 | Abyss:1  | Noticed a starcursed mass
  6443 | Abyss:1  | Noticed a bone dragon
  6451 | Abyss:1  | Noticed a purple very ugly thing
  6454 | Abyss:1  | Noticed a wretched star
  6460 | Abyss:1  | Slain by a purple very ugly thing

Levels and vault maps discovered:
D:1:      evilmike_arrival_home_sweet_home, layout_basic
D:2:      cheibrodos_old_hovel, layout_basic, first_ration, minmay_diced_spiral
D:3:      layout_rooms, lemuel_crystal_altar, serial_bayou_ford_a
D:4:      layout_cave_pods, serial_shops, shop, minmay_misc_feat_plants,
          dk_noncrumbling_4
D:5:      layout_cave_pools, st_stairs_14
D:6:      layout_rooms, kennysheep_mini_moat, minmay_temple_entry_glass,
          nrook_loot_triangle, st_stairs_13
D:7:      layout_cave_pools, serial_shops, shop, gammafunk_ghost_grave,
          uniq_duvessa, uniq_joseph
Temple:   regret_index_temple_chain_breaker
Abyss:1:  base: Temple, evilmike_abyss_exit_chaos, base:
D:8

Skill      XL: |  1  2  3  4  5  6  7  8  9 |
---------------+----------------------------+-----
Maces & Flails | 3 4 5 6 8 10 | 10.3
Fighting       | 4 5 6 7 8 |  8.5
Armour         | 4 5 6 7 |  7.9
Shields        | |  3.2

Action                   |  1- 3 |  4- 6 |  7- 9 | 10-12 || total
-------------------------+-------+-------+-------+-------++-------
Melee: Flail             |   127 |   272 |   409 |       ||   808
       Mace              |       |       |    78 |    19 ||    97
  Use: Scroll            |       |     7 |       |       ||     7
 Stab: Sleeping          |       |       |     1 |       ||     1
  Eat: Chunk             |       |     7 |     5 |       ||    12
       Ration            |       |       |     2 |     1 ||     3
Armor: Scale mail        |   100 |       |       |       ||   100
       Plate armour      |       |   200 |   314 |     9 ||   523
Dodge: Dodged            |    63 |    36 |    78 |     3 ||   180
Block: Shield            |    88 |   149 |   263 |     8 ||   508

Table legend:
 A = Non-vault XP
 B = Vault XP
 C = Vault XP percentage of total XP
 D = Non-vault monster count
 E = Vault monster count
 F = Vault count percentage of total count
                 A         B        C        D         E       F
            +---------+---------+-------+---------+---------+-------
      Total |    4141 |     886 |  17.6 |     136 |      10 |   6.8
            +---------+---------+-------+---------+---------+-------
        D:1 |      26 |       0 |   0.0 |      14 |       0 |   0.0
        D:2 |      76 |       9 |  10.6 |      26 |       5 |  16.1
        D:3 |      47 |       0 |   0.0 |      14 |       0 |   0.0
        D:4 |     894 |      54 |   5.7 |      23 |       1 |   4.2
        D:5 |     258 |       0 |   0.0 |      13 |       0 |   0.0
        D:6 |    1071 |     129 |  10.8 |      18 |       1 |   5.3
        D:7 |    1769 |     694 |  28.2 |      28 |       3 |   9.7
            +---------+---------+-------+---------+---------+-------
